cohdb
Replays
Latest Replays
All Replays
Popular Replays
Top Player Replays
Match Explorer
How It Works
Community
CoH3 Stats
Reddit
Sign in to upload your games and track your stats! →
Sign in with Steam
Match 45463081
Unlisted
Match 45463081
Overview
Messages
Build Orders
End
Engineer Squad
Construct Barracks
Selects Armored Battlegroup
Selects Veteran Crews
1⁄4-ton 4x4 Truck
Riflemen Squad
Riflemen Squad
Air Support Center
Construct Medical Station
Riflemen Squad
Grenade Package
Selects Fast Deploy
Construct Motor Pool
P-47 Strafing Run
M1 Anti-tank Gun Team
P-47 Strafing Run
Selects M8 Scott SPG
M8 Scott SPG
Grasshopper Recon Run
M24 Chaffee Light Tank
M1918 Browning Automatic Rifles
Scout Squad
P-47 Strafing Run
Selects Field Repairs
M24 Chaffee Light Tank
Grasshopper Recon Run
P-47 Dive Bomb
Number 60
HulkSMASH
0
0
Comments
sign in to comment!
No comments posted yet!